 Dungeon Crawl Stone Soup version 0.30-a0-946-gec5dcfc036 (webtiles) character file.

Game seed: 10087714820310917373

30 sanka the Twirler (level 3, -1/31 HPs)
             Began as a Minotaur Gladiator on Mar 26, 2023.
             Slain by a goblin
             ... wielding a +0 dagger
              (2 damage)
             ... on level 2 of the Dungeon.
             The game lasted 00:01:46 (753 turns).

sanka the Twirler (Minotaur Gladiator)               Turns: 753, Time: 00:01:46

Health: -1/31      AC:  3    Str: 20    XL:     3   Next: 3%
Magic:  2/2        EV: 12    Int:  5    God:
Gold:   6          SH:  0    Dex: 11    Spells: 2/2 levels left

rFire   . . .      SeeInvis .    a - +0 quarterstaff
rCold   . . .      Faith    .    (shield currently unavailable)
rNeg    . . .      Spirit   .    b - +0 leather armour
rPois   .          Reflect  .    c - +0 hat
rElec   .          Rampage  .    (no cloak)
rCorr   .                        (no gloves)
Will    .....                    (no boots)
Stlth   +                        (no amulet)
HPRegen 0.25/turn                (no ring)
MPRegen 0.08/turn                (no ring)

@: no status effects
A: horns 2, retaliatory headbutt
a: no special abilities


You were on level 2 of the Dungeon.
You visited 1 branch of the dungeon, and saw 2 of its levels.

You collected 61 gold pieces.
You spent 55 gold pieces at shops.


Innate Abilities, Weirdness & Mutations

You have a pair of horns on your head.
You reflexively headbutt those who attack you in melee.


   Skills:
 + Level 3.1 Fighting
 * Level 4.7 Staves
 - Level 2.0 Throwing
 - Level 3.2 Dodging


You had 2 spell levels left.
You didn't know any spells.
Your spell library was empty.

Inventory:

Hand Weapons
 a - a +0 quarterstaff (weapon)
Missiles
 d - 3 throwing nets (quivered) {=f}
 e - a javelin
Armour
 b - a +0 leather armour (worn)
 c - a +0 hat (worn)
Scrolls
 f - a scroll of noise {unknown}
 g - a scroll of enchant weapon {unknown}
Potions
 h - 2 potions of heal wounds {@q2}

Dungeon Overview and Level Annotations

Branches:
Dungeon (2/15)

Altars:

Shops:
D:2

!! ▒▒▒......▒▒
▒▒.........▒
........▒▒.▒▒
.▒▒▒▒▒▒..▒..▒ (.
▒ ▒▒.▒▒.▒ ▒. ..
▒..▒.▒ ▒. .B.
▒..▒.▒ ▒ ▒. .£gK
▒..▒.▒ ▒.▒▒.
.gb[. ▒H.▒.▒
...▒▒
▒.....▒g▒▒.▒ ▒.†▒
▒...gK▒..▒ ▒.▒▒
.......▒▒..▒
▒..▒▒▒....▒▒▒...▒
▒▒...▒▒▒▒▒▒...▒.▒
▒▒▒▒............▒
▒........▒▒▒..▒▒▒
▒.........▒▒.▒▒


You could see a gnoll, a goblin and a kobold.


Message History

Unknown command.
You hit the goblin.
The goblin is severely wounded.
The goblin hits you with a +0 dagger.
* * * LOW HITPOINT WARNING * * *
The gnoll hits you from afar with a +0 spear.
* * * LOW HITPOINT WARNING * * *
Unknown command.
You closely miss the goblin.
The goblin is severely wounded.
The gnoll hits you from afar with a +0 spear.
* * * LOW HITPOINT WARNING * * *
The goblin hits you but does no damage.
A worm comes into view.
Unknown command.
You closely miss the goblin.
The goblin is severely wounded.
The goblin misses you.
The gnoll hits you from afar with a +0 spear.
* * * LOW HITPOINT WARNING * * *
Unknown command.
You closely miss the goblin.
The goblin is severely wounded.
The gnoll hits you from afar with a +0 spear.
* * * LOW HITPOINT WARNING * * *
The goblin barely misses you.
The gnoll hits you from afar with a +0 spear.
* * * LOW HITPOINT WARNING * * *
The goblin hits you with a +0 dagger.
You die...

Action                     || total
---------------------------++-------
  Melee: Quarterstaff      ||    37
         Headbutt          ||     3
 Armour: Leather armour    ||    10
  Dodge: Dodged            ||    22

Levels and vault maps discovered:
D:1:      dpeg_arrival_three_smaller_balls, layout_loops_ring
D:2:      layout_basic, serial_shops, shop, shop_fountains,
          nicolae_shop_crystal, shop, nicolae_shop_statue_plus,
          basic_ecumenical_altar, minmay_randomly_rotated_circles

Notes
Turn   | Place    | Note
-------+----------+-------------------------------------------
     0 | D:1      | sanka the Minotaur Gladiator began the quest for the Orb.
     0 | D:1      | Reached XP level 1. HP: 18/18 MP: 0/0
   210 | D:1      | Reached skill level 4 in Staves
   263 | D:1      | Reached XP level 2. HP: 25/25 MP: 1/1
   656 | D:2      | Found Aticeur's Distillery.
   657 | D:2      | Found Qaol's Distillery.
   662 | D:2      | Reached skill level 3 in Fighting
   700 | D:2      | Bought a potion of heal wounds for 55 gold pieces
   746 | D:2      | Reached XP level 3. HP: 31/31 MP: 2/2
   753 | D:2      | HP: 1/31 [gnoll/+0 spear (3)]
   753 | D:2      | Slain by a goblin

Vanquished Creatures
  An adder (D:2)
  3 ball pythons (D:1)
  2 bats (D:2)
  3 endoplasms (D:1)
  4 goblins (D:1)
  2 kobolds
  A quokka (D:2)
  2 frilled lizards
  A rat (D:1)
19 creatures vanquished.
